 Dungeon Crawl Stone Soup version 0.30-a0-1112-gfb780f5df6 (webtiles) character file.

Game seed: 11464610694186069180

151 bmack86 the Trooper (level 5, 0/47 HPs)
             Began as a Minotaur Fighter on Apr 20, 2023.
             Was an Initiate of Okawaru.
             Slain by an iguana (5 damage)
             ... on level 4 of the Dungeon.
             The game lasted 00:05:11 (2513 turns).

bmack86 the Trooper (Minotaur Fighter)              Turns: 2513, Time: 00:05:11

Health: 0/47       AC:  9    Str: 22    XL:     5   Next: 11%
Magic:  0/5        EV:  8    Int:  5    God:    Okawaru [......]
Gold:   76         SH:  5    Dex: 10    Spells: 4/4 levels left

rFire   . . .      SeeInvis +    a - +0 war axe
rCold   . . .      Faith    .    c - +1 buckler
rNeg    . . .      Spirit   +    q - +0 chain mail
rPois   .          Reflect  .    (helmet restricted)
rElec   .          Rampage  .    (no cloak)
rCorr   .                        (no gloves)
Will    .....                    (no boots) Stlth
                                 l - amulet of guardian spirit
HPRegen 0.27/turn                n - ring of see invisible
MPRegen 0.09/turn                (no ring)

@: no status effects
A: horns 2, retaliatory headbutt
a: Renounce Religion


You were on level 4 of the Dungeon.
You worshipped Okawaru.
Okawaru was noncommittal.
You visited 1 branch of the dungeon, and saw 4 of its levels.

You collected 76 gold pieces.

Inventory:

Hand Weapons
 a - a +0 war axe (weapon)
Armour
 b - a +0 scale mail
 c - a +1 buckler (worn)
 q - a +0 chain mail (worn)
Jewellery
 l - an amulet of guardian spirit (around neck)
 n - a ring of see invisible (left hand)
Scrolls
 e - a scroll of fog
 f - a scroll of immolation {unknown}
 m - a scroll of vulnerability {unknown}
 p - 2 scrolls of enchant weapon {unknown}
 r - a scroll of torment {unknown}
 s - a scroll of teleportation
Potions
 d - a potion of might
 g - a potion of attraction
 h - a potion of brilliance {unknown}
 i - 2 potions of heal wounds
 j - 2 potions of degeneration {unknown}
 k - a potion of flight {unknown}
 o - a potion of curing {unknown}
 t - a potion of mutation {unknown}


   Skills:
 + Level 4.4 Fighting
 * Level 4.2 Axes
 + Level 4.4 Armour
 + Level 4.4 Shields
 + Level 1.3 Invocations


You had 4 spell levels left.
You didn't know any spells.
Your spell library contained the following spells:

 Spells                   Type           Power      Damage    Failure   Level
 Necrotise                Necr           0%         1d4       99%         1
 Vampiric Draining        Necr           0%         2d6       100%        3
 Agony                    Necr           0%         N/A       100%        5


Dungeon Overview and Level Annotations

Branches:
Dungeon (4/15)
 Temple: D:4-7

Altars:
Ashenzari
Kikubaaqudgha
Okawaru
Ru
Vehumet


Innate Abilities, Weirdness & Mutations

You have a pair of horns on your head.
You reflexively headbutt those who attack you in melee.


Message History

The iguana completely misses you.
You closely miss the hobgoblin. You closely miss the iguana.
You block the adder's attack. The hobgoblin hits you. The iguana bites you!
You hit the hobgoblin but do no damage. You slash the adder!
You closely miss the iguana. The adder closely misses you.
The hobgoblin hits you. You block the iguana's attack.
The adder bites you but does no damage.
You closely miss the hobgoblin. You barely miss the adder.
You closely miss the iguana. You block the adder's attack.
The hobgoblin barely misses you. The iguana bites you!
The adder barely misses you. You block the hobgoblin's attack.
The iguana bites you!
Unknown command.
You hit the adder but do no damage. Your headbutt misses the adder.
The adder is severely wounded.
You hit the hobgoblin.
You kill the hobgoblin!
Okawaru accepts your kill.
You barely miss the iguana. The adder bites you but does no damage.
The iguana bites you.
You slash the adder!
You kill the adder!
Okawaru accepts your kill.
You hit the iguana. The iguana barely misses you. You furiously retaliate!
You headbutt the iguana.
Found a robe.
Found a stone staircase leading down.
You block the iguana's attack.
You hit the iguana.
The iguana is severely wounded.
The iguana bites you!
* * * LOW HITPOINT WARNING * * *
The iguana bites you!
* * * LOW HITPOINT WARNING * * *
You closely miss the iguana.
The iguana is severely wounded.
The iguana bites you but does no damage.
You closely miss the iguana.
The iguana is severely wounded.
The iguana bites you!
You die...

..####+#...
###........#
..........# #
#........#
#.#.#........#
#......<.....#
###.##.......#
>.#..#......#$..
.......@l.......
.##............P
####.##......~
.. P.....~ ###
...P.~≈ .~~♣≈~~
.♣≈~~≈≈ [~~


You could see an iguana.

Vanquished Creatures
  Terence (D:3)
  4 adders
  5 worms
  2 dart slugs
  2 orcs (D:3)
  6 ball pythons
  3 endoplasms
  2 giant cockroaches (D:3)
  9 goblins
  10 hobgoblins
  3 jackals (D:1)
  2 kobolds
  2 quokkas
  7 bats
  4 frilled lizards
  5 rats
67 creatures vanquished.

Vanquished Creatures (others)
  2 fungi (D:4)
2 creatures vanquished.

Grand Total: 69 creatures vanquished

Notes
Turn   | Place    | Note
-------+----------+-------------------------------------------
     0 | D:1      | bmack86 the Minotaur Fighter began the quest for the Orb.
     0 | D:1      | Reached XP level 1. HP: 19/19 MP: 0/0
   341 | D:1      | Reached XP level 2. HP: 24/27 MP: 1/1
   413 | D:1      | You fall into a shaft and drop 1 floor!
   415 | D:2      | Found an iron altar of Okawaru.
   429 | D:2      | Became a worshipper of Warmaster Okawaru
   584 | D:2      | Reached XP level 3. HP: 33/33 MP: 2/2
  1622 | D:3      | Reached XP level 4. HP: 35/40 MP: 1/3
  1773 | D:3      | Reached skill level 1 in Invocations
  1848 | D:3      | Noticed Terence
  1865 | D:3      | Killed Terence
  1996 | D:3      | Found a broken altar of Ashenzari.
  2019 | D:3      | Found a radiant altar of Vehumet.
  2023 | D:3      | Found an iron altar of Okawaru.
  2036 | D:3      | Found a sacrificial altar of Ru.
  2039 | D:3      | Found an ancient bone altar of Kikubaaqudgha.
  2089 | D:3      | Identified the +0 leather armour of the Sun {Dex+3}
  2228 | D:3      | Reached XP level 5. HP: 44/47 MP: 4/4
  2513 | D:4      | Slain by an iguana

Illustrated notes

Levels and vault maps discovered:
D:1:      nicolae_arrival_washed_ashore, layout_basic, hangedman_decor_growths,
          corner_web_ring
D:2:      layout_basic, basic_altar
D:3:      layout_basic, minmay_overflow_temple_star_hex, uniq_terence
D:4:      minmay_clustersquares, layout_basic, cheibrodos_sewer_entry_drain,
          dreamdust_mushroom_princess, roderic_serpentine_path,
          guppyfry_early_lair_pool

Skill      XL: |  1  2  3  4 |
---------------+-------------+-----
Axes           | 3 4 |  4.2
Fighting       | 4 |  4.4
Armour         | 4 |  4.4
Shields        | 4 |  4.4
Invocations    | 1 |  1.3

Action                     |  1- 3 |  4- 6 || total
---------------------------+-------+-------++-------
  Melee: War axe           |    88 |    51 ||   139
         Headbutt          |     9 |     6 ||    15
    Use: Scroll            |     5 |     2 ||     7
 Armour: Scale mail        |    43 |    15 ||    58
         Chain mail        |       |    13 ||    13
  Dodge: Dodged            |    51 |    29 ||    80
  Block: Buckler           |    24 |    21 ||    45

Table legend: (Time is in decaauts)
 A = Elapsed time spent in this place.
 B = Non-inter-level travel time spent in this place.
 C = Inter-level travel time spent in this place.
 D = Time resting spent in this place.
 E = Time spent auto-exploring this place.
 F = Levels seen in this place.
 G = Mean time per level.
                   A        B        C        D        E       F      G
               +--------+--------+--------+--------+--------+-----+--------+
         Total |   2562 |   2418 |    144 |      0 |   1645 |   4 |  640.5 |
       Dungeon |   2562 |   2418 |    144 |      0 |   1645 |   4 |  640.5 |
               +--------+--------+--------+--------+--------+-----+--------+

Top non-repeatable levels by time:
     D:1: 986 daAuts
     D:3: 929 daAuts
     D:2: 633 daAuts
     D:4: 14 daAuts
